Workbook
Name ITEM: #REF!
Name MDO_LISTA: #REF!

Sheet PROPUESTA ECONOMICA(Proponente)
C3: Formulario 1 - Propuesta económica - Documento tipo de selección abreviada de menor cuantía - versión 2
C4: Código | D4: CCE-EICP-FM-25 | E4: Versión | F4: 2
C6: FORMULARIO 1
C7: PROPUESTA ECONOMICA
C8: [La entidad puede utilizar este formulario de presentación de propuesta económica de forma detallada, sin perjuicio que la entidad pueda modificarlo o establecer la presentación de la oferta económica con un formulario distinto al indicado.] [Los proponentes emplearán el formulario establecido por la entidad para determinar su propuesta económica conforme al Formulario 1 - Presupuesto Oficial publicado por la Entidad]
C10: Cuando el proceso de contratación es estructurado por precios unitarios, la Entidad debe aplicar las notas 1, 2 y 3 del presente formato y las casillas de "Descripción", "Porcentaje" de la Administración, Imprevisto, Utilidad y total A.I.U. resaltadas en color amarillo.
C12: Nº | D12: ITEM DE PAGO | E12: ESPECIFICACIONES | G12: DESCRIPCION | H12: UND. | I12: CANTIDAD | J12: VALOR UNITARIO | K12: VALOR TOTAL
E13: GENERAL | F13: PARTICULAR
C16: Subtotal
C22: Subtotal
C32: Subtotal
C37: Subtotal
C40: Subtotal
C41: SUBTOTAL OBRAS
G46: SUBTOTAL OBRAS (INCLUYE IVA)
G50: VALOR TOTAL
C53: NOTA 1: Se debe tener en cuenta que el PRECIO UNITARIO incluye el valor de A.I.U. | H53: DESCRIPCION | K53: PORCENTAJE
C54: NOTA 2: Cuando la fracción decimal del peso sea igual o superior a 5 se aproximara por exceso al número entero siguiente del peso y cuando la fracción decimal del peso sea inferior a 5 se aproximará por defecto al número entero del peso. | H54: ADMINISTRACION | J54: A= | K54: [Ofrecimiento del Proponente]
C55: NOTA 3: El A.I.U y su discriminación deben estar en porcentaje (%). | H55: IMPREVISTO | J55: I= | K55: [Ofrecimiento del Proponente]
H56: UTILIDAD | J56: U= | K56: [Ofrecimiento del Proponente]
H57: TOTAL A.I.U | J57: A.I.U.= | K57: [Ofrecimiento del Proponente]
G60: Firma del Proponente o de su Representante Legal

Sheet INFORMACION
B3: INFORMACIÓN GENERAL
B4: OBJETO : | C4: “MENTENIMIENTO DE LA CUBIERTA PARA EL CENTRO DE INTEGRACIÓN CIUDADANA (CIC) DEL MUNICIPIO DE OTANCHE BOYACA 2026 ”.
B5: CACULO:
B6: Vo.Bo. Secretaria de Planeación | C6: Vo.Bo. Secretario de Planeación e Infraestructura
B7: Vo.Bo. Supervisión | C7: Vo.Bo. Supervisión
B8: Contratista: | C8: N/A
B9: Interventor: | C9: N/A
B10: Fecha: | C10: 45825
B11: Ubiucacion: | C11: OTANCHE

Sheet PRESUPUESTO OFICIAL (Entidad)
C4: Código | E4: Versión | F4: 2
C6: FORMULARIO 1
C7: PRESUPUESTO OFICIAL
C8: [La entidad puede utilizar este formulario de detalle del presupuesto oficial para determinar las condiciones bajo las cuales los proponentes analizarán y presentarán su propuesta económica de forma detallada, sin perjuicio que la entidad pueda modificarlo o establecer la presentación de la oferta económica con un formulario distinto al indicado.]
C10: Adicionalmente, cuando el proceso de contratación es estructurado por precios unitarios, la Entidad debe aplicar las notas 1, 2 y 3 del presente formulario y las casillas de "Descripción", "Porcentaje" de la Administración, Imprevisto, Utilidad y total A.I.U. resaltadas en colo amarillo. Tratándose de otras modalidades de precio, la Entidad puede o no configurar los mismos aspectos.
C12: Nº | D12: ITEM DE PAGO | E12: ESPECIFICACIONES | G12: DESCRIPCION | H12: UND. | I12: CANTIDAD | J12: INCREMENTO X DISTANIA | K12: VALOR UNITARIO | L12: VALOR TOTAL
E13: GENERAL | F13: PARTICULAR
C14: 1. CUBIERTA | L14: =+L15 -> 20525815
C15: 1.1 | D15: 2.08.41 | E15: GOBERNACIÓN | G15: SUMINISTRO E INSTALACIÓN DE CUBIERTA TIPO STANDING SEAM, EN LÁMINA GALVANIZADA PREPINTADA CAL. 26. (FIGURADA EN OBRA). | H15: M2 | I15: 102.24597 | J15: 0.12 | K15: =141372.8*1.42 -> 200749.38 | L15: =+ROUND(SUM(I15*K15),0) -> 20525815 | O15: VEINTE MILLONES QUINIENTOS VEINTI CINCO MIL OCHOCIENTOS QUINCE MIL PESOS (20.525.815.00) M/CTE.
C16: SUBTOTAL OBRAS | L16: =+L14 -> 20525815
G18: ADMINISTRACION | L18: 0.24
G19: IMPREVISTOS | L19: 0.02
G20: UTILIDAD | L20: 0.04
G21: VALOR TOTAL | L21: =SUM(L16) -> 20525815
C24: NOTA 1: Se debe tener en cuenta que el PRECIO UNITARIO incluye el valor de A.I.U e incremento por transporte | H24: DESCRIPCION | L24: PORCENTAJE
C25: NOTA 2: Cuando la fracción decimal del peso sea igual o superior a 5 se aproximara por exceso al número entero siguiente del peso y cuando la fracción decimal del peso sea inferior a 5 se aproximará por defecto al número entero del peso. | H25: ADMINISTRACION | L25: 0.24
C26: NOTA 3: El A.I.U y su discriminación deben estar en porcentaje (%). | H26: IMPREVISTO | K26: I= | L26: 0.02
H27: UTILIDAD | K27: U= | L27: 0.04
H28: TOTAL A.I.U | K28: A.I.U.= | L28: =SUM(L25:L27) -> 0.3

Sheet 1.1
B2: MEMORIAS DE CALCULO DE CANTIDADES
D4: MEMORIAS DE CALCULO CANTIDADES | H4: PROYECTO:
H6: OBJETO: | I6: =+INFORMACION!C4 -> “MENTENIMIENTO DE LA CUBIERTA PARA EL CENTRO DE INTEGRACIÓN CIUDADANA (CIC) DEL MUNICIPIO DE OTANCHE BOYACA 2026 ”.
B8: ENTIDAD: | D8: ALCALDÍA MUNICIPAL DE OTANCHE - BOYACÁ | H8: CONTRATISTA: | M8: INTERVENTOR: | N8: FECHA:
H9: =+INFORMACION!C8 -> N/A | M9: =+INFORMACION!C9 -> N/A | N9: =+INFORMACION!C10 -> 45825
B10: CAPITULO: | D10: =+'PRESUPUESTO OFICIAL (Entidad)'!#REF! -> #REF! | N10: Hoja Nov. de 1
B11: ITEM DE PAGO: | D11: =+'PRESUPUESTO OFICIAL (Entidad)'!#REF! -> #REF!
B13: ITEM | C13: UND | D13: DESCRIPCION | I13: UBICACIÓN | L13: =+INFORMACION!C11 -> OTANCHE
B14: =+'PRESUPUESTO OFICIAL (Entidad)'!#REF! -> #REF! | C14: =+VLOOKUP(B14,'PRESUPUESTO OFICIAL (Entidad)'!C12:K16,6,FALSE) -> #REF! | D14: =+VLOOKUP(B14,'PRESUPUESTO OFICIAL (Entidad)'!C12:K16,5,FALSE) -> #REF!
H15: Localización | I15: Dimensiones | M15: cant | N15: Total
I16: No. Elem. | J16: Largo | K16: Ancho | L16: Alto
H17: CUBIERTA | J17: 42.602489 | K17: 0.8 | M17: 3 | N17: =+J17*K17*M17 -> 102.24597
N18: =+I18*J18*L18 -> 0
N19: =+I19*J19*L19 -> 0
H33: TOTAL PRESENTE ACTA | N33: =ROUND(SUM(N17:N32),2) -> 102.25
I34: EJECUTADO ACTA 1 | N34: 0
I35: EJECUTADO ACTA 2 | N35: 0
I36: EJECUTADO PRESENTE ACTA | N36: =+ROUND(N33-N34-N35,2) -> 102.25
B37: Calculó: | F37: =+INFORMACION!C6 -> Vo.Bo. Secretario de Planeación e Infraestructura | K37: =+INFORMACION!C7 -> Vo.Bo. Supervisión
B38: =+INFORMACION!C5 -> 0
B39: Otanche - Boyacá
